 Dungeon Crawl Stone Soup version 0.31.0-4-g52a2dc7128 (webtiles) character file.

Game seed: 823261020330038269

2 dialectric the Sneak (level 1, -7/16 HPs)
             Began as an Octopode Delver on Jan 22, 2024.
             Was an Initiate of Dithmenos.
             Mangled by an ice beast (9 damage)
             ... on level 4 of the Dungeon.
             The game lasted 00:00:48 (273 turns).

dialectric the Sneak (Octopode Delver)               Turns: 273, Time: 00:00:48

Health: -7/16      AC:  1    Str: 11    XL:     1   Next: 40%
Magic:  1/1        EV: 13    Int: 12    God:    Dithmenos [......]
Gold:   0          SH:  0    Dex: 13    Spells: 0/0 levels left

rFire   . . .        a - +0 short sword
rCold   . . .        (no shield)
rNeg    . . .        (helmet restricted)
rPois   .            (no amulet)
rElec   .            (no ring)
rCorr   .            (no ring)
SInv    .            (no ring)
Will    .....        (no ring)
Stlth   ++++         (no ring)
HPRegen 0.22/turn    (no ring)
MPRegen 0.07/turn    (no ring)
                     (no ring)

%: no passive effects
@: no status effects
A: almost no armour, amphibious, 8 rings, camouflage 1, gelatinous body 1,
(nimble swimmer 1), tentacles
a: Renounce Religion


You were on level 4 of the Dungeon.
You worshipped Dithmenos.
Dithmenos was noncommittal.
You visited 2 branches of the dungeon, and saw 3 of its levels.

Inventory:

Hand Weapons
 a - a +0 short sword (weapon)
Wands
 f - a wand of digging (3)
Scrolls
 b - a scroll of fog
 c - a scroll of revelation
 d - a scroll of fear
 g - a scroll of teleportation {unknown}
Potions
 h - a potion of curing {unknown}
 i - 2 potions of lignification {unknown}


   Skills:
 + Level 3.0 Fighting
 + Level 2.0 Short Blades
 + Level 2.0 Dodging
 * Level 6.8 Stealth


You couldn't memorise any spells.
You didn't know any spells.
Your spell library was empty.

Dungeon Overview and Level Annotations

Branches:
Dungeon (5/15)             Temple (1/1) D:4

Altars:
Ashenzari
Dithmenos
Fedhas
Gozag
Makhleb
Sif Muna
Trog
Wu Jian
Xom

Annotations:
D:4 Grinder


Innate Abilities, Weirdness & Mutations

You cannot wear most types of armour.
You are amphibious.
You can wear up to eight rings at the same time.
Your skin changes colour to match your surroundings (Stealth+).
Your rubbery body absorbs attacks. (AC +1, EV +1)
((You are camouflaged when in or above water. (Stealth+)))
You have tentacles for arms and can constrict up to eight enemies at once.


Message History

Unknown command.
Found 8 stones.
Found a stone staircase leading down.
No target in view!
You see here 8 stones.
There is a stone staircase leading down here.
i - 2 fuming black potions No target in view!
You open the door.
Grinder comes into view.
Grinder shouts!
A hound comes into view.
Found a sapphire potion.
Grinder gestures at you.
You suddenly lose the ability to move!
Grinder gestures at you.
You shrug off the repeated paralysis!
You can move again.
There is an open door here.
Grinder hits you.
You feel yourself speed up. Grinder hits you.
You writhe in agony.
Your extra speed is starting to run out.
You feel yourself slow down.
A hobgoblin and an ice beast come into view.
A giant cockroach comes into view.
The helpless ice beast fails to defend itself.
You impale the ice beast!!
The ice beast is severely wounded.
The ice beast barely misses you.
You hit the ice beast but do no damage.
The ice beast is severely wounded.
The ice beast hits you. The ice beast freezes you!
Ouch! That really hurt!
* * * LOW HITPOINT WARNING * * *
You barely miss the ice beast. Your squeeze misses the ice beast.
The ice beast is severely wounded.
The ice beast hits you.
* * * LOW HITPOINT WARNING * * *
The ice beast freezes you!
Ouch! That really hurt!
You die...

#### # #..
####### #Y#
......#
####@#####gB.
#####.#
#............
### #.#
##.##.###.....
..# #.# #...#.#
... #.# #.#
#.#.#.# . #.#
#.# #...#.#
#.###.# ##.##..
.#....####
#.####
###>.....####.#


You could see an ice beast.

Vanquished Creatures
  A goblin (D:4)
  A hobgoblin (D:4)
2 creatures vanquished.

Notes
Turn   | Place    | Note
-------+----------+-------------------------------------------
     0 | D:5      | dialectric the Octopode Delver began the quest for the Orb.
     0 | D:5      | Reached XP level 1. HP: 16/16 MP: 1/1
    40 | D:4      | Found a staircase to the Ecumenical Temple.
    55 | Temple   | Entered the Ecumenical Temple
    74 | Temple   | Became a worshipper of Dithmenos the Shadowed
   194 | D:4      | Noticed Grinder
   194 | D:4      | Noticed a hound
   195 | D:4      | Paralysed by Grinder for 4 turns
   267 | D:4      | Noticed an ice beast
   273 | D:4      | Mangled by an ice beast

Illustrated notes

Levels and vault maps discovered:
D:4:      layout_loops_corners, grunt_temple_overflow_open,
          minmay_temple_entry_butterflies, serial_shops,
          nicolae_shop_pleasant_corner_grove, biasface_ghost_orc_armoury,
          dk_rats_in_the_wall, uniq_duvessa, uniq_grinder
D:5:      layout_basic, chei_slow_surprise
Temple:   chequers_temple_sunken

Action                     || total
---------------------------++-------
  Melee: Short sword       ||     9
         Constrict         ||     1
    Use: Potion            ||     1
   Stab: Sleeping          ||     1
 Armour: Skin              ||     5
  Dodge: Dodged            ||     4
